 Dungeon Crawl Stone Soup version 0.29-a0-878-g7b45a56547 (webtiles) character file.

Game seed: 7793767188442579573

116 iguanaiguana the Shield-Bearer (level 5, -12/41 HPs)
             Began as a Formicid Hunter on July 20, 2022.
             Killed by divine providence
             ... invoked by an orc priest
              (15 damage)
             ... on level 3 of the Dungeon.
             The game lasted 00:08:35 (1872 turns).

iguanaiguana the Shield-Bearer (Formicid Hunter)    Turns: 1872, Time: 00:08:35

Health: -12/41     AC:  3    Str: 15    XL:     5   Next: 20%
Magic:  5/5        EV: 11    Int:  9    God:
Gold:   112        SH:  0    Dex: 19    Spells: 4/4 levels left

rFire   . . .      SeeInvis +   b - +1 whip (venom)
rCold   . . .      Faith    .   g - +0 kite shield
rNeg    . . .      Spirit   .   c - +0 leather armour
rPois   .          Reflect  .   (helmet unavailable)
rElec   .          Harm     .   (no cloak)
rCorr   .          Rampage  .   (no gloves)
Will    .....                   (no boots)
Stlth   +.........              (no amulet)
HPRegen 0.13/turn               (no ring)
MPRegen 0.09/turn               (no ring)

@: confused, mighty
A: permanent stasis, dig shafts and tunnels, antennae 3, four strong arms
a: Dig, Shaft Self


You were on level 3 of the Dungeon.
You visited 1 branch of the dungeon, and saw 3 of its levels.

You collected 112 gold pieces.

Inventory:

Hand Weapons
 a - a +0 shortbow
 b - a +1 whip of venom (weapon)
Armour
 c - a +0 leather armour (worn)
 g - a +0 kite shield (worn)
Jewellery
 f - a ring of flight
Wands
 k - a wand of iceblast (3) {@v2}
Scrolls
 e - a scroll of immolation
 i - a scroll of magic mapping {@r5}
Potions
 d - a potion of might {@q3}


   Skills:
 - Level 3.0 Fighting
 - Level 4.0 Ranged Weapons
 - Level 1.9 Armour
 - Level 1.7 Dodging
 - Level 1.2 Stealth
 + Level 4.6 Shields


You had 4 spell levels left.
You didn't know any spells.
Your spell library contained the following spells:

 Spells                   Type           Power      Damage    Failure   Level
 Beastly Appendage        Tmut           0%         N/A       75%         1
 Wereblood                Tmut           0%         N/A       86%         2
 Spider Form              Tmut/Pois      0%         N/A       98%         3


Dungeon Overview and Level Annotations

Branches:
Dungeon (3/15) Zot: 16069

Altars:

Annotations:
D:1 exclusion: 2 downstairs
D:2 Sigmund, Terence


Innate Abilities, Weirdness & Mutations

You cannot be hasted, slowed, berserked, paralysed or teleported.
You can dig through walls and to a lower floor.
You have a pair of large antennae on your head. (SInv)
Your four strong arms can wield two-handed weapons with a shield.


Message History

You shoot an arrow. The arrow barely misses the orc priest.
The arrow hits the gnoll.
The gnoll is lightly wounded.
The orc priest calls down the wrath of Beogh upon you.
Beogh smites you!
* * * LOW HITPOINT WARNING * * *
The orc wizard gestures at you while chanting.
You resist with some effort.
The orc priest casts a cantrip, but nothing happens.
You are too injured to fight recklessly!
The orc priest invokes the aid of Beogh against you.
Beogh smites you!
* * * LOW HITPOINT WARNING * * *
The orc wizard casts a spell at you.
You are confused.
You bump into the rock wall.
You bump into the rock wall.
The orc priest calls down the wrath of Beogh upon you.
Beogh smites you!
* * * LOW HITPOINT WARNING * * *
You bump into the rock wall.
The orc wizard gestures at you while chanting.
You are more confused.
Okay, then.
You are too confused!
You shoot an arrow. The arrow hits the orc wizard.
The orc wizard is moderately wounded.
You are too confused!
You are too confused!
You are too confused!
You feel very mighty all of a sudden.
Your +1 whip of venom begins to drip with poison!
b - a +1 whip of venom (weapon)
You're too confused to move!
You're too confused to aim your attacks!
You miss the orc wizard.
The orc wizard is moderately wounded.
The orc priest invokes the aid of Beogh against you.
Beogh smites you!
You die...

###.##<..#
.....###.#####
###..........#
#.####.....# #..
#.....# ##.#
#.....##### .#
#.........# .#
#########.# .# #@##
.# #o.# #. ##g# #.
#o# . #.# #.## .. #..
#..# ...##.#########
##.## #............#
#..#
##.....##.##.#####.##


You could see an orc priest, an orc wizard and a gnoll.

Vanquished Creatures
  An orc wizard (D:3)
  2 adders
  An ufetubus (D:2)
  A worm (D:2)
  2 dart slugs (D:2)
  4 orcs (D:3)
  4 bats
  6 endoplasms
  A giant cockroach (D:3)
  2 goblins
  3 hobgoblins (D:1)
  4 jackals (D:1)
  2 quokkas
  6 ball pythons
  6 frilled lizards
  5 kobolds
  7 rats
57 creatures vanquished.

Vanquished Creatures (others)
  A rat (D:1)
1 creature vanquished.

Grand Total: 58 creatures vanquished

Notes
Turn   | Place    | Note
-------+----------+-------------------------------------------
     0 | D:1      | iguanaiguana the Formicid Hunter began the quest for the
                  | Orb.
     0 | D:1      | Reached XP level 1. HP: 16/16 MP: 1/1
    99 | D:1      | Reached XP level 2. HP: 16/23 MP: 2/2
   240 | D:1      | Reached skill level 1 in Armour
   330 | D:1      | Reached XP level 3. HP: 29/29 MP: 3/3
   821 | D:2      | Noticed Sigmund
   943 | D:2      | Reached skill level 1 in Shields
   964 | D:2      | Noticed Terence
  1273 | D:2      | Reached XP level 4. HP: 35/35 MP: 4/4
  1774 | D:3      | Reached XP level 5. HP: 41/41 MP: 5/5
  1872 | D:3      | Killed from afar by an orc priest

Illustrated notes

Levels and vault maps discovered:
D:1:      wheals_arrival_linesprint, layout_rooms, lemuel_flame_loot_1
D:2:      layout_basic, basic_altar, minmay_misc_feat_x,
          hangedman_abyss_or_decor_stabs, st_stairs_9, uniq_sigmund,
          uniq_jessica, uniq_terence
D:3:      layout_rooms, mainiacjoe_overflow_surrounded_room,
          fiery_altar_vehumet, shapermc_ecumenical_altar_mp_vishouse

Skill      XL: |  1  2  3  4 |
---------------+-------------+-----
Fighting       | 3 |  3.0
Armour         | 1 |  1.9
Shields        | 2 4 |  4.6
Ranged Weapons | |  4.0
Dodging        | |  1.7
Stealth        | |  1.2

Action                   |  1- 3 |  4- 6 || total
-------------------------+-------+-------++-------
Melee: Whip              |       |    13 ||    13
       Unarmed           |       |     8 ||     8
 Fire: Shortbow          |    85 |    44 ||   129
  Use: Potion            |       |     5 ||     5
       Scroll            |       |     2 ||     2
Armor: Leather armour    |     9 |     6 ||    15
       Skin              |       |    11 ||    11
Dodge: Dodged            |    18 |    13 ||    31
Block: Kite shield       |     8 |    13 ||    21

Table legend: (Time is in decaauts)
 A = Elapsed time spent in this place.
 B = Non-inter-level travel time spent in this place.
 C = Inter-level travel time spent in this place.
 D = Time resting spent in this place.
 E = Time spent auto-exploring this place.
 F = Levels seen in this place.
 G = Mean time per level.
                   A        B        C        D        E       F      G
               +--------+--------+--------+--------+--------+-----+--------+
         Total |   1929 |   1758 |    171 |     77 |   1191 |   3 |  643.0 |
       Dungeon |   1929 |   1758 |    171 |     77 |   1191 |   3 |  643.0 |
               +--------+--------+--------+--------+--------+-----+--------+

Top non-repeatable levels by time:
     D:1: 928 daAuts
     D:2: 765 daAuts
     D:3: 234 daAuts
